 Dungeon Crawl Stone Soup version 0.22.1-1-ga44c0e5 (webtiles) character file.

76 Iscandelvey the Magician (level 3, -1/26 HPs)
             Began as a Demigod Wizard on Oct 5, 2018.
             Slain by a goblin
             ... wielding a +0 club
             ... led by Robin
              (2 damage)
             ... on level 3 of the Dungeon.
             The game lasted 00:08:27 (2185 turns).

Iscandelvey the Magician (Demigod Wizard)           Turns: 2185, Time: 00:08:28

Health: -1/26      AC:  2    Str: 10    XL:     3   Next: 89%
Magic:  10/10      EV: 12    Int: 24    God:
Gold:   138        SH:  0    Dex: 14    Spells: 1/9 levels left

rFire    . . .     SeeInvis +   m - +0 hunting sling
rCold    . . .     Gourm    .   (no shield)
rNeg     . . .     Faith    .   y - -2 leather armour (curse)
rPois    .         Spirit   .   b - +0 hat
rElec    .         Reflect  .   (no cloak)
rCorr    .         Harm     .   j - +0 pair of gloves (curse)
MR       .....                  (no boots)
Stlth    ++........             (no amulet)
HPRegen  0.08/turn              x - ring of see invisible
MPRegen  0.12/turn              (no ring)

@: no status effects
A: high mp 1
a: no special abilities


You were on level 3 of the Dungeon.
You were hungry.

You visited 1 branch of the dungeon, and saw 3 of its levels.

You collected 138 gold pieces.

Inventory:

Hand Weapons
 h - a +0 whip
 m - a +0 hunting sling (weapon)
Missiles
 i - 64 stones (quivered)
 q - 8 bolts
Armour
 a - a +0 robe
 b - a +0 hat (worn)
 j - a cursed +0 pair of gloves (worn)
 y - a cursed -2 leather armour (worn)
 A - a cursed -2 scale mail
Jewellery
 w - an uncursed amulet of guardian spirit
 x - a ring of see invisible (left hand)
Scrolls
 e - 3 scrolls of fog {unknown}
 f - a scroll of random uselessness {unknown}
 l - 2 scrolls of fear {unknown}
 o - 4 scrolls of teleportation {unknown}
 s - a scroll of amnesia {unknown}
 t - 5 scrolls of identify {unknown}
 v - 2 scrolls of remove curse {unknown}
 z - a scroll of immolation {unknown}
Potions
 c - a potion of ambrosia {unknown}
 g - a potion of curing {unknown}
 k - a potion of lignification {unknown}
 n - 2 potions of berserk rage {unknown}
 u - a potion of brilliance {unknown}
 B - a potion of heal wounds {unknown}
Comestibles
 d - 7 rations
 r - 8 chunks of flesh


   Skills:
 - Level 1.0 Slings
 + Level 2.1 Dodging
 + Level 1.9 Stealth
 * Level 3.5 Spellcasting
 * Level 1.8 Conjurations
 + Level 0.8 Summonings
 + Level 0.9 Translocations


You had one spell level left.
You knew the following spells:

 Your Spells              Type           Power        Failure   Level  Hunger
a - Magic Dart            Conj           ##..         6%          1    None
b - Blink                 Tloc           N/A          14%         2    #......
c - Call Imp              Summ           #.......     16%         2    #......
d - Conjure Flame         Conj/Fire      #.......     28%         3    ###....

Your spell library contained the following spells:

 Spells                   Type           Power        Failure   Level  Hunger
 Slow                     Hex            #.......     22%         2    #......
 Mephitic Cloud           Conj/Pois/Air  #.......     32%         3    ###....


Dungeon Overview and Level Annotations

Branches:
Dungeon (3/15)

Portals:
Sewer: D:3

Annotations:
D:3 Robin


Innate Abilities, Weirdness & Mutations

You have an increased reservoir of magic. (+10% MP)


Message History

The goblin hits you with a dagger.
Some of the chunks of flesh in your inventory have rotted away.
Firing (i - inventory)
i - 66 stones (quivered)
Press: ? - help, Shift-Dir - straight line, f/p - Robin
Aim: Robin, wielding a club, wearing an animal skin and wearing a helmet You shoot a stone.
The stone closely misses Robin.
Robin throws the goblin at you! The goblin hits you.
The goblin hits you with a club. The goblin misses you.
Robin hits you with a club.
* * * LOW HITPOINT WARNING * * *
Firing (i - inventory)
i - 65 stones (quivered)
Press: ? - help, Shift-Dir - straight line, f/p - Robin
Aim: Robin, wielding a club, wearing an animal skin and wearing a helmet You shoot a stone.
The stone hits Robin.
Robin is almost dead.
The goblin splashes around in the water.
The goblin hits you with a dagger.
* * * LOW HITPOINT WARNING * * *
The goblin hits you with a club.
You die...

#.#.#.#.#.#.#.#.#.#.#.#.#..#
#####.#.#.#.#.#.#.#.#)#.#.#.###
#. ..#.#.#.#.#.#.#.#.#.#.#.#.#
#. ##.#.#.#.#.#.#.#.#.#.#.#.##
#. #.#.#..†......#.#.#.#.#.#.#
#. ##.#>..........#.#!....#.#..
#.##.#.#...≈≈≈..(..#...#...#.##
#.#.#.#...≈≈≈≈gg.(#.#.#_#.#.##
#....#.#..≈≈∩≈≈@g#>#...#...#.
#.#.#.#...≈≈≈≈g...#.#.....#.
#.#..#.#...≈≈≈...#.#.#...#.
###.#.#...........#.#.#.#.
#..#.#.).......#.#+#.#.
#.#.#.#.#.#.#.#.#...#.
#..#.#.#.#.#.#.#....+
####+#÷#.#.#.#.#.#.#...#
#.....##############...#


You could see Robin and 3 goblins.

Vanquished Creatures
  An adder (D:2)
  An ooze (D:3)
  A worm (D:1)
  3 dart slugs
  A leopard gecko (D:2)
  3 giant cockroaches
  6 goblins
  4 hobgoblins
  10 kobolds
  A quokka (D:2)
  2 ball pythons (D:3)
  10 bats
  2 frilled lizards (D:3)
  8 rats
53 creatures vanquished.

Notes
Turn   | Place    | Note
-------+----------+-------------------------------------------
     0 | D:1      | Iscandelvey the Demigod Wizard began the quest for the Orb.
     0 | D:1      | Reached XP level 1. HP: 14/14 MP: 6/6
   190 | D:1      | Reached skill level 3 in Spellcasting
   610 | D:1      | Reached XP level 2. HP: 19/20 MP: 3/8
   615 | D:1      | Learned a level 2 spell: Blink
   618 | D:1      | Learned a level 2 spell: Call Imp
   919 | D:2      | Reached skill level 1 in Conjurations
  1570 | D:2      | Reached XP level 3. HP: 26/26 MP: 10/10
  1722 | D:2      | Reached skill level 1 in Slings
  2038 | D:3      | Found a glowing drain.
  2047 | D:3      | Learned a level 3 spell: Conjure Flame
  2074 | D:3      | Found a faded altar of an unknown god.
  2155 | D:3      | Noticed Robin
  2185 | D:3      | HP: 1/26 [goblin/dagger[Robin] (5)]
  2185 | D:3      | Slain by a goblin

Skill      XL: |  1  2  3 |
---------------+----------+-----
Spellcasting   | 3 |  3.5
Dodging        | 2 |  2.1
Conjurations   | 1 |  1.8
Slings         | 1 |  1.0
Stealth        | |  1.9
Summonings     | |  0.8
Translocations | |  0.9

Action                   || total
-------------------------++-------
Melee: Whip              ||    32
 Fire: Hunting sling     ||   118
 Cast: Magic Dart        ||    26
       Blink             ||     4
 Stab: Sleeping          ||     1
  Eat: Chunk             ||     3
Armor: Robe              ||    28
       Leather armour    ||     2
Dodge: Dodged            ||    45
